 Dungeon Crawl Stone Soup version 0.29-a0-517-gbdf32494f2 (webtiles) character file.

Game seed: 8348446481952224765

639 NateTC the Cudgeller (level 7, -2/70 HPs)
             Began as a Troll Gladiator on May 30, 2022.
             Slain by a worm (6 damage)
             ... on level 4 of the Dungeon.
             The game lasted 00:09:28 (3159 turns).

NateTC the Cudgeller (Troll Gladiator)              Turns: 3159, Time: 00:09:29

Health: -2/70      AC: -3    Str: 25    XL:     7   Next: 25%
Magic:  6/6        EV: 10    Int:  4    God:
Gold:   205        SH:  0    Dex: 11    Spells: 6/6 levels left

rFire   . . .      SeeInvis .   a - +1 flail
rCold   . . .      Faith    .   (no shield)
rNeg    . . .      Spirit   .   b - +0 robe
rPois   .          Reflect  .   c - +1 hat
rElec   .          Harm     .   (no cloak)
rCorr   .          Rampage  .   (gloves unavailable)
Will    .....                   (boots unavailable)
Stlth   +.........              (no amulet)
HPRegen 1.01/turn               (no ring)
MPRegen 0.10/turn               (no ring)

@: corroded
A: large, unfitting armour, claws 3, regeneration 1, shaggy fur 1, tough skin 1
a: no special abilities


You were on level 4 of the Dungeon.
You visited 2 branches of the dungeon, and saw 5 of its levels.

You collected 205 gold pieces.

Inventory:

Hand Weapons
 a - a +1 flail (weapon)
Missiles
 e - a throwing net (quivered)
Armour
 b - a +0 robe (worn)
 c - a +1 hat (worn)
Wands
 f - a wand of flame (5)
Potions
 d - a potion of degeneration {unknown}
 h - a potion of brilliance {unknown}
 i - 2 potions of attraction {unknown}
 j - a potion of cancellation {unknown}


   Skills:
 * Level 4.1 Fighting
 - Level 5.8 Maces & Flails
 + Level 3.1 Throwing
 - Level 2.4 Dodging


You had 6 spell levels left.
You didn't know any spells.
Your spell library contained the following spells:

 Spells                   Type           Power      Damage    Failure   Level
 Portal Projectile        Hex/Tloc       0%         N/A       86%         3
 Tukima's Dance           Hex            0%         N/A       86%         3
 Blade Hands              Tmut           0%         N/A       100%        5
 Fireball                 Conj/Fire      0%         3d3       100%        5
 Starburst                Conj/Fire      0%         6d3       100%        6
 Ignition                 Fire           0%         3d3       100%        8


Dungeon Overview and Level Annotations

Branches:
Dungeon (4/15)             Temple (1/1) D:4

Altars:
Dithmenos
Elyvilon
Fedhas
Hepliaklqana
Okawaru
Ru
Trog
Uskayaw
Wu Jian
Xom
Yredelemnul

Annotations:
D:3 1 runed translucent door, Crazy Yiuf


Innate Abilities, Weirdness & Mutations

You are too large for most types of armour.
You have claws for hands.
Your natural rate of healing is unusually fast.
You are covered in fur. (AC +1)
You have tough skin. (AC +1)


Message History

You are too injured to fight recklessly!
You are too injured to fight recklessly!
You are too injured to fight recklessly!
You are too injured to fight recklessly!
You are too injured to fight recklessly!
You are too injured to fight recklessly!
You hit the jelly.
Your claws burn!
The jelly is severely wounded.
The jelly hits you.
You are splashed with acid!
* * * LOW HITPOINT WARNING * * *
You thump the jelly!
You kill the jelly!
The worm misses you.
You hit the worm but do no damage. You barely miss the worm.
The worm closely misses you.
You hit the worm but do no damage. The worm bites you.
You barely miss the worm. You hit the worm.
The worm is moderately wounded.
The worm bites you.
You hit the worm.
The worm is moderately wounded.
The worm bites you!
* * * LOW HITPOINT WARNING * * *
You barely miss the worm.
The worm is moderately wounded.
You thump the worm!
The worm is severely wounded.
The worm bites you!
* * * LOW HITPOINT WARNING * * *
You barely miss the worm.
The worm is heavily wounded.
The worm bites you.
* * * LOW HITPOINT WARNING * * *
You hit the worm.
The worm is almost dead.
You barely miss the worm.
The worm is almost dead.
The worm bites you.
You die...

#. #.# ##.# #. ##.#
###..# ##. #..###....##
#..# ##..........#
#...##..<##......##
.........###......## .
...........##......##...
.......##........w......
####...####.....@†......
#...# ##..###......#
##..# ##..# .......
##..####...# ...#...
#.....##..## ...# ..
#.#.8.#.#.# .... .
##......### .....
#8.>.8..#... ......
#.....<.....


You could see a worm.

Vanquished Creatures
  Grinder (D:3)
  Sigmund (D:2)
  A jelly (D:4)
  2 hounds (D:4)
  Ijyb (D:3)
  4 gnolls
  5 adders
  A worm (D:2)
  A dart slug (D:1)
  7 orcs
  9 endoplasms
  3 giant cockroaches
  9 goblins
  5 hobgoblins
  3 jackals (D:2)
  4 kobolds (D:1)
  2 quokkas
  4 ball pythons
  A bat (D:1)
  10 frilled lizards
  5 rats
79 creatures vanquished.

Vanquished Creatures (others)
  8 plants (D:3)
8 creatures vanquished.

Grand Total: 87 creatures vanquished

Notes
Turn   | Place    | Note
-------+----------+-------------------------------------------
     0 | D:1      | NateTC the Troll Gladiator began the quest for the Orb.
     0 | D:1      | Reached XP level 1. HP: 19/19 MP: 0/0
    20 | D:1      | Reached skill level 3 in Maces & Flails
    51 | D:1      | Found a faded altar of an unknown god.
    74 | D:1      | Reached XP level 2. HP: 27/27 MP: 1/1
   440 | D:1      | Reached XP level 3. HP: 9/33 MP: 2/2
   826 | D:1      | Reached skill level 4 in Maces & Flails
  1265 | D:2      | Noticed Sigmund
  1287 | D:2      | Killed Sigmund
  1288 | D:2      | Reached skill level 5 in Maces & Flails
  1288 | D:2      | Reached XP level 4. HP: 28/41 MP: 3/3
  1288 | D:2      | Reached XP level 5. HP: 32/48 MP: 4/4
  1779 | D:3      | Noticed Grinder
  1781 | D:3      | Paralysed by Grinder for 3 turns
  1786 | D:3      | Paralysed by Grinder for 2 turns
  1812 | D:3      | Killed Grinder
  1813 | D:3      | Reached XP level 6. HP: 58/61 MP: 5/5
  2079 | D:3      | Noticed Ijyb
  2119 | D:3      | Killed Ijyb
  2676 | D:3      | Found a runed translucent door.
  2677 | D:3      | Noticed Crazy Yiuf
  2934 | D:4      | Reached XP level 7. HP: 53/68 MP: 6/6
  3010 | D:4      | Found a staircase to the Ecumenical Temple.
  3021 | Temple   | Entered the Ecumenical Temple
  3157 | D:4      | HP: 2/70 [worm (5)]
  3159 | D:4      | Slain by a worm

Illustrated notes

Levels and vault maps discovered:
D:1:      dpeg_arrival_simpleton_a, layout_basic, ebering_ecumenical_altar_box
D:2:      layout_basic, uniq_sigmund
D:3:      layout_basic, minmay_lizard_king, uniq_grinder,
          uniq_crazy_yiuf_cottage, uniq_ijyb
D:4:      layout_layer_cave, nicolae_kikubaaqudgha_miasma_corner,
          minmay_temple_entry_statues_pillars
Temple:   jpeg_temple_clearing

Skill      XL: |  1  2  3  4  5  6  7 |
---------------+----------------------+-----
Maces & Flails | 3 5 |  5.8
Fighting       | 3 4 |  4.1
Throwing       | 2 3 |  3.1
Dodging        | |  2.4

Action                   |  1- 3 |  4- 6 |  7- 9 || total
-------------------------+-------+-------+-------++-------
Melee: Flail             |   114 |   114 |    41 ||   269
       Punch             |     1 |     1 |       ||     2
Throw: Throwing net      |     2 |     7 |       ||     9
       Large rock        |       |     3 |       ||     3
  Use: Scroll            |     1 |     7 |     1 ||     9
       Potion            |       |     1 |       ||     1
 Stab: Held in net/web   |     1 |       |       ||     1
       Distracted        |       |     1 |       ||     1
Armor: Robe              |    36 |    26 |    14 ||    76
Dodge: Dodged            |    75 |    68 |    33 ||   176

Table legend: (Time is in decaauts)
 A = Elapsed time spent in this place.
 B = Non-inter-level travel time spent in this place.
 C = Inter-level travel time spent in this place.
 D = Time resting spent in this place.
 E = Time spent auto-exploring this place.
 F = Levels seen in this place.
 G = Mean time per level.
                   A        B        C        D        E       F      G
               +--------+--------+--------+--------+--------+-----+--------+
         Total |   3202 |   3111 |     91 |    374 |   1381 |   5 |  640.4 |
       Dungeon |   3109 |   3031 |     78 |    374 |   1313 |   4 |  777.2 |
        Temple |     92 |     79 |     13 |      0 |     68 |   1 |   92.0 |
               +--------+--------+--------+--------+--------+-----+--------+

Top non-repeatable levels by time:
     D:1: 1202 daAuts
     D:3: 1170 daAuts
     D:2: 429 daAuts
     D:4: 306 daAuts
  Temple: 92 daAuts
